 Dungeon Crawl Stone Soup version 0.27-a0-1144-g0b7d3b79db (webtiles) character file.

Game seed: 8270989973687176020

1765 siradein the Carver (level 8, -1/62 HPs)
             Began as a Minotaur Gladiator on May 10, 2021.
             Was a Follower of Nemelex Xobeh.
             Slain by an orc warrior
             ... wielding a +0 trident
              (8 damage)
             ... on level 7 of the Dungeon on May 11, 2021.
             The game lasted 00:19:28 (6901 turns).

siradein the Carver (Minotaur Gladiator)            Turns: 6901, Time: 00:19:29

Health: -1/62      AC: 20    Str: 19    XL:     8   Next: 79%
Magic:  7/7        EV:  6    Int:  5    God:    Nemelex Xobeh [*.....]
Gold:   374        SH:  0    Dex: 20    Spells: 7/7 levels left

rFire    . . .     SeeInvis .   a - +0 long sword
rCold    . . .     Faith    .   (no shield)
rNeg     . . .     Spirit   .   B - +6 plate armour of Muajuh {Dex+6}
rPois    .         Reflect  .   (helmet restricted)
rElec    .         Harm     .   c - +1 cloak
rCorr    .         Rampage  .   n - +0 pair of gloves
Will     .....                  v - +0 pair of boots
Stlth    ..........             (no amulet)
HPRegen  0.20/turn              (no ring)
MPRegen  0.10/turn              (no ring)

@: lethally poisoned (-1 -> -14), about to teleport
A: horns 2, retaliatory headbutt
a: Renounce Religion, Draw Escape, Draw Destruction, Draw Summoning


You were on level 7 of the Dungeon.
You worshipped Nemelex Xobeh.
Nemelex Xobeh was aware of your devotion.
You visited 1 branch of the dungeon, and saw 7 of its levels.

You collected 374 gold pieces.

Inventory:

Hand Weapons
 a - a +0 long sword (weapon)
Missiles
 b - 67 bolts
 d - 3 throwing nets (quivered)
 s - 37 arrows
 z - 5 javelins
Armour
 c - a +1 cloak (worn)
 n - a +0 pair of gloves (worn)
 v - a +0 pair of boots (worn)
 x - the +2 leather armour of Courage {Will+ Dex+2}
   (You found it on level 4 of the Dungeon)

   It affects your dexterity (+2).
   It increases your willpower.
 B - the +6 plate armour of Muajuh (worn) {Dex+6}
   (You found it on level 7 of the Dungeon)

   It affects your dexterity (+6).
Jewellery
 i - a ring of wizardry
 C - a +4 ring of evasion
Wands
 m - a wand of paralysis (1)
Scrolls
 f - 5 scrolls of teleportation
 l - a scroll of fear
 p - a scroll of blinking {unknown}
 q - a scroll of vulnerability {unknown}
 t - 3 scrolls of enchant armour
 u - 2 scrolls of amnesia {unknown}
 w - a scroll of holy word {unknown}
 y - a scroll of silence {unknown}
 D - a scroll of brand weapon {unknown}
Potions
 e - 2 potions of curing
 g - 4 potions of heal wounds
 h - 2 potions of mutation
 j - a potion of attraction
 k - a potion of flight {unknown}
 o - a potion of lignification {unknown}
 r - a potion of berserk rage {unknown}
 A - a potion of magic {unknown}


   Skills:
 - Level 2.4 Fighting
 + Level 13.4 Long Blades
 - Level 2.0 Throwing
 - Level 3.2 Dodging


You had 7 spell levels left.
You didn't know any spells.
Your spell library contained the following spells:

 Spells                   Type           Power      Damage    Failure   Level
 Corona                   Hex            0%         N/A       100%        1
 Shock                    Conj/Air       0%         1d3       100%        1
 Slow                     Hex            0%         N/A       100%        2
 Static Discharge         Conj/Air       0%         N/A       100%        2
 Inner Flame              Hex/Fire       0%         N/A       100%        3
 Portal Projectile        Hex/Tloc       0%         N/A       100%        3
 Swiftness                Air            0%         N/A       100%        3
 Airstrike                Air            0%         N/A       100%        4
 Cause Fear               Hex            0%         N/A       100%        4
 Leda's Liquefaction      Hex/Erth       0%         N/A       100%        4
 Lightning Bolt           Conj/Air       0%         1d11      100%        5


Dungeon Overview and Level Annotations

Branches:
Dungeon (7/15)             Temple (0/1) D:5

Altars:
Dithmenos
Kikubaaqudgha
Nemelex Xobeh
Ru
Vehumet
The Shining One

Shops:
D:1 =   D:7 (


Innate Abilities, Weirdness & Mutations

You have a pair of horns on your head.
You reflexively headbutt those who attack you in melee.


Message History

The water moccasin bites you but does no damage.
You hit the orc priest but do no damage.
You headbutt the orc priest, but do no damage.
The orc priest is heavily wounded.
The orc priest barely misses you. You furiously retaliate!
You headbutt the orc priest.
You riposte.
You hit the orc priest.
You kill the orc priest!
The orc hits you but does no damage.
The water moccasin bites you but does no damage.
The orc wizard hits you but does no damage.
The orc completely misses you. You furiously retaliate!
You headbutt the orc.
You kill the orc!
The orc warrior hits you with a +0 trident.
The water moccasin bites you.
You are poisoned.
The water moccasin poisons you! The orc hits you but does no damage.
The orc warrior hits you from afar with a +0 trident!
* * * LOW HITPOINT WARNING * * *
Things that are here:
a +0 flail; a +0 leather armour; an orc corpse
* * * LOW HITPOINT WARNING * * *
You feel very sick. The orc hits you but does no damage.
The orc wizard gestures at itself while chanting.
The orc wizard flickers and vanishes!
Deactivating autopickup; reactivate with Ctrl-A.
The water moccasin bites you but does no damage.
You feel better. The water moccasin bites you.
* * * LOW HITPOINT WARNING * * *
The orc hits you but does no damage.
As you read the scroll of teleportation, it crumbles to dust.
You feel strangely unstable. The water moccasin bites you.
* * * LOW HITPOINT WARNING * * *
You are lethally poisoned!
The water moccasin poisons you! The orc barely misses you.
You furiously retaliate!
You headbutt the orc!
You kill the orc!
The orc warrior hits you from afar with a +0 trident!
You die...
Your body disappears without a glow.

#... .... #... .... ##).. ###..
.....###...### .............#
...(.........## ........).....##
......ooS......######
.......#)@.)........##
.......#..).##.......# #.....
....................######
.........................)..#..##
.................................
.................................
..##.............................
.##..............................
##.......... ...............


You could see an orc warrior, a water moccasin and an orc.

Vanquished Creatures
  A wyvern (D:7)
  2 water moccasins
  A sky beast (D:6)
  A necrophage (D:5)
  3 ogres
  A phantom (D:6)
  A scorpion (D:5)
  2 water moccasin zombies (D:6)
  A howler monkey (D:5)
  2 jellies
  3 hounds
  3 orc priests
  A bullfrog skeleton (D:4)
  2 iguanas
  Terence (D:2)
  Natasha (thrice) (D:4)
  2 orc wizards
  A hound skeleton (D:5)
  4 gnolls (D:4)
  6 adders
  A shadow imp (D:5)
  A white imp (D:6)
  An ufetubus (D:5)
  5 worms (D:2)
  A dart slug (D:3)
  18 orcs
  A bat zombie (D:6)
  7 endoplasms
  A giant cockroach (D:1)
  6 goblins
  6 hobgoblins
  5 jackals
  A quokka (D:2)
  7 ball pythons
  7 bats
  2 frilled lizards
  9 kobolds
  5 rats
  4 rat zombies (D:6)
129 creatures vanquished.

Notes
Turn   | Place    | Note
-------+----------+-------------------------------------------
     0 | D:1      | siradein the Minotaur Gladiator began the quest for the
                  | Orb.
     0 | D:1      | Reached XP level 1. HP: 18/18 MP: 0/0
   287 | D:1      | Reached skill level 4 in Long Blades
   378 | D:1      | Found Cujiun Reif's Jewellery Boutique.
   405 | D:1      | Reached XP level 2. HP: 24/25 MP: 1/1
   961 | D:2      | Reached skill level 5 in Long Blades
   973 | D:2      | Reached XP level 3. HP: 19/30 MP: 2/2
  1740 | D:2      | Reached XP level 4. HP: 22/37 MP: 3/3
  1742 | D:2      | Reached skill level 6 in Long Blades
  2279 | D:3      | Found a faded altar of an unknown god.
  2490 | D:3      | Noticed Terence
  2520 | D:2      | Killed Terence
  2608 | D:3      | Found a shadowy altar of Dithmenos.
  3004 | D:3      | Reached XP level 5. HP: 41/42 MP: 4/4
  3176 | D:4      | Reached skill level 7 in Long Blades
  3268 | D:4      | Noticed Natasha
  3274 | D:4      | Killed Natasha
  3279 | D:4      | Noticed an ogre
  3296 | D:4      | Killed an ogre
  3297 | D:4      | Reached skill level 8 in Long Blades
  3394 | D:4      | Reached XP level 6. HP: 36/50 MP: 5/5
  3417 | D:4      | Noticed Natasha
  3437 | D:4      | Killed Natasha
  3525 | D:4      | Reached skill level 9 in Long Blades
  3775 | D:4      | Identified the +2 leather armour of Courage {Will+ Dex+2}
  3911 | D:4      | Reached XP level 7. HP: 56/56 MP: 6/6
  3956 | D:4      | Noticed Natasha
  3984 | D:4      | Killed Natasha
  4325 | D:5      | Entered Level 5 of the Dungeon
  4352 | D:5      | Reached skill level 10 in Long Blades
  4769 | D:5      | You fall into a shaft and drop 1 floor!
  4948 | D:6      | Found an ancient bone altar of Kikubaaqudgha.
  5078 | D:5      | Found a sparkling altar of Nemelex Xobeh.
  5082 | D:5      | Became a worshipper of Nemelex Xobeh the Trickster
  5106 | D:5      | Reached skill level 11 in Long Blades
  5439 | D:5      | Found a staircase to the Ecumenical Temple.
  5655 | D:6      | Reached XP level 8. HP: 50/62 MP: 7/7
  5892 | D:6      | Reached skill level 12 in Long Blades
  6371 | D:6      | Found a glowing golden altar of the Shining One.
  6372 | D:6      | Found a radiant altar of Vehumet.
  6633 | D:7      | Identified the +6 plate armour of Muajuh {Dex+6}
  6690 | D:7      | Found a sacrificial altar of Ru.
  6829 | D:7      | Found Xunap's Weapon Emporium.
  6865 | D:7      | Reached skill level 13 in Long Blades
  6884 | D:7      | Reached * piety under Nemelex Xobeh
  6901 | D:7      | Slain by an orc warrior

Illustrated notes

Levels and vault maps discovered:
D:1:      heliophobic_arrival_ceremonial_halls, layout_loops_corners,
          serial_shops, shop_fountains, minmay_tromino_v7
D:2:      layout_loops_cross, minmay_fractal_squares_gapless_5
D:3:      layout_loops_cross, lemuel_crystal_altar,
          ebering_ecumenical_altar_hall, chequers_jeans, uniq_terence
D:4:      layout_loops_ring, uniq_natasha
D:5:      layout_loops_corners, nemelex_dance_club_becter,
          minmay_temple_entry_slanted, hangedman_decor_riveting,
          chequers_mini_garden
D:6:      layout_cave_pools, amethyst_overflow_temple_binary,
          lemuel_zombie_altar_kikubaaqudgha, serial_co_window_serial,
          co_window_corner_a, co_window_corner_a, co_window_corner_a,
          co_window_of_opportunity_a, co_window_cross_1, co_window_paths_a,
          co_window_paths_b, co_window_cross_2, co_window_broadway_c,
          co_window_cross_2, co_window_paths_c, co_window_corner_cb,
          glass_columns_b, glass_columns_a
D:7:      cheibrodos_shockbox, layout_cave_pools, lemuel_tele_altar,
          kennysheep_little_box, general_overflow_altar, serial_shops,
          shop_fountains

Skill      XL: |  1  2  3  4  5  6  7  8 |
---------------+-------------------------+-----
Long Blades    | 4 5 6 8 9 11 13 | 13.4
Fighting       | |  2.4
Throwing       | |  2.0
Dodging        | |  3.2

Action                   |  1- 3 |  4- 6 |  7- 9 || total
-------------------------+-------+-------+-------++-------
Melee: Long sword        |    84 |   106 |   131 ||   321
       Headbutt          |    14 |    24 |    27 ||    65
Evoke: Wand              |       |     5 |     2 ||     7
  Use: Scroll            |       |     1 |     7 ||     8
       Potion            |       |       |     1 ||     1
 Stab: Sleeping          |     1 |       |     2 ||     3
       Paralysed         |       |     5 |       ||     5
Armor: Leather armour    |    24 |     6 |    25 ||    55
       Scale mail        |       |    20 |       ||    20
       Plate armour      |       |       |    33 ||    33
Dodge: Dodged            |    59 |    52 |    64 ||   175
       Rpst.: Long sword |    12 |    16 |    15 ||    43

Table legend: (Time is in decaauts)
 A = Elapsed time spent in this place.
 B = Non-inter-level travel time spent in this place.
 C = Inter-level travel time spent in this place.
 D = Time resting spent in this place.
 E = Time spent auto-exploring this place.
 F = Levels seen in this place.
 G = Mean time per level.
                   A        B        C        D        E       F      G
               +--------+--------+--------+--------+--------+-----+--------+
         Total |   6908 |   6705 |    203 |    113 |   5612 |   7 |  986.9 |
       Dungeon |   6908 |   6705 |    203 |    113 |   5612 |   7 |  986.9 |
               +--------+--------+--------+--------+--------+-----+--------+

Top non-repeatable levels by time:
     D:2: 1260 daAuts
     D:6: 1199 daAuts
     D:4: 1159 daAuts
     D:5: 1096 daAuts
     D:1: 1011 daAuts
     D:3: 919 daAuts
     D:7: 262 daAuts
